 Dungeon Crawl Stone Soup version 0.30.0-29-ga12c61a403 (webtiles) character file.

Game seed: 9750599796162348331

417 LynnLen the Covert (level 6, -1/28 HPs)
             Began as a Spriggan Enchanter on June 15, 2023.
             Slain by Grinder (6 damage)
             ... while paralysed by Grinder
             ... on level 3 of the Dungeon.
             The game lasted 00:08:13 (3020 turns).

LynnLen the Covert (Spriggan Enchanter)             Turns: 3020, Time: 00:08:13

Health: -1/28      AC:  3    Str:  4    XL:     6   Next: 61%
Magic:  10/13      EV:  4    Int: 19    God:
Gold:   90         SH:  0    Dex: 15    Spells: 5/13 levels left

rFire   x . .        a - +1 dagger
rCold   + + .        (no shield)
rNeg    . . .        m - +0 robe {rC+}
rPois   .            (helmet restricted)
rElec   .            j - +0 cloak
rCorr   .            (gloves unavailable)
SInv    +            (boots unavailable)
Will    +....        (no amulet)
Stlth   ++++         n - ring of ice
HPRegen 0.24/turn    (no ring)
MPRegen 0.13/turn

%: no passive effects
@: paralysed, confusing by touch, very quick
A: very small, no large weapons, unfitting armour, see invisible, speed 3
a: no special abilities


You were on level 3 of the Dungeon.
You visited 1 branch of the dungeon, and saw 3 of its levels.

You collected 90 gold pieces.

Inventory:

Hand Weapons
 a - a +1 dagger (weapon)
Armour
 j - a +0 cloak (worn)
 m - a +0 robe of cold resistance (worn)
Jewellery
 n - a ring of ice (left hand)
Scrolls
 b - a scroll of poison {unknown}
 e - a scroll of enchant armour {unknown}
 f - a scroll of fog {unknown}
 k - a scroll of identify
Potions
 c - 2 potions of invisibility
 d - a potion of cancellation
 g - a potion of flight {unknown}
 h - a potion of might {unknown}
 i - a potion of curing {unknown}
 l - a potion of lignification {unknown}
 o - 2 potions of heal wounds
 p - a potion of resistance {unknown}


   Skills:
 - Level 1.1 Short Blades
 - Level 2.6 Dodging
 + Level 8.6 Stealth
 + Level 4.3 Spellcasting
 + Level 6.1 Hexes


You had 5 spell levels left.
You knew the following spells:

 Your Spells              Type           Power      Damage    Failure   Level
a - Ensorcelled Hibernat  Hex/Ice        46%        N/A       6%          2
b - Confusing Touch       Hex            27%        N/A       3%          3
c - Tukima's Dance        Hex            27%        N/A       3%          3

Your spell library contained the following spells:

 Spells                   Type           Power      Damage    Failure   Level
 Dazzling Flash           Conj/Hex       30%        N/A       12%         3
 Freeze                   Ice            24%        1d4       14%         1
 Static Discharge         Conj/Air       8%         2-3/arc   21%         2
 Frozen Ramparts          Ice            12%        1d2       38%         3
 Hailstorm                Conj/Ice       6%         3d4       38%         3
 Airstrike                Air            2%         2d(1-17)  80%         4
 Summon Lightning Spire   Summ/Air       4%         N/A       80%         4


Dungeon Overview and Level Annotations

Branches:
Dungeon (3/15)

Altars:
Vehumet

Annotations:
D:3 Grinder


Innate Abilities, Weirdness & Mutations

You are very small and have problems with some larger weapons.
You are too small for most types of armour.
You have supernaturally acute eyesight. (SInv)
You cover ground extremely quickly. (Speed+++)


Message History

A rat comes into view.
The rat closely misses you.
You hit the rat.
The rat is moderately wounded.
The rat bites you but does no damage.
You hit the rat but do no damage.
The rat is moderately wounded.
You hit the rat but do no damage. Your punch misses the rat.
The rat is moderately wounded.
The rat closely misses you.
You hit the rat but do no damage. The rat bites you.
You hit the rat but do no damage. The rat barely misses you.
You hit the rat.
The rat is severely wounded.
The rat closely misses you.
You closely miss the rat.
The rat is severely wounded.
The rat closely misses you.
You hit the rat but do no damage.
The rat is severely wounded.
The rat barely misses you.
You hit the rat.
You kill the rat!
You see here a rat corpse.
You strike the helpless bat from behind!
You impale the bat!!
You kill the bat!
You see here a rat corpse.
Casting: Confusing Touch (dangerous; 3% risk of failure)
Confirm with . or Enter, or press ? or * to list all spells.
Your hands begin to glow red.
Grinder shouts!
Grinder gestures at you.
You suddenly lose the ability to move!
Grinder hits you but does no damage. Grinder hits you!
You writhe in agony.
Grinder hits you!
* * * LOW HITPOINT WARNING * * *
You writhe in agony.
You die...

###.# # #.# ##. # #.#
#.. # #.# #.. ## ##.#
#.. #.##. #..# #..#
#[... #..# #..
##########.##( #..#
#.5####........ ...#
#..# #..@.....# #.. .
#..# #.#####..# ... #.
#..# #.# ###..# ## B.
#..# #.###.#..# #.#
#..###.##.#...#######.#.
#........###....†.....#
#.###†#†## ##.#########
#.###....###....
#.....†...#.......


You could see Grinder.

Vanquished Creatures
  Sigmund (D:2)
  A phantom (D:3)
  Crazy Yiuf (D:2)
  Jessica (D:2)
  A gnoll (D:3)
  An adder (D:2)
  A worm (D:2)
  4 dart slugs
  2 orcs
  8 bats
  6 endoplasms
  4 giant cockroaches
  2 goblins
  4 hobgoblins
  4 jackals
  A quokka (D:1)
  6 ball pythons
  5 frilled lizards
  7 kobolds
  5 rats
65 creatures vanquished.

Vanquished Creatures (collateral kills)
  Terence (D:2)
1 creature vanquished.

Vanquished Creatures (others)
  A dancing weapon (D:2)
1 creature vanquished.

Grand Total: 67 creatures vanquished

Notes
Turn   | Place    | Note
-------+----------+-------------------------------------------
     0 | D:1      | LynnLen the Spriggan Enchanter began the quest for the Orb.
     0 | D:1      | Reached XP level 1. HP: 9/9 MP: 5/5
     8 | D:1      | You fall into a shaft and drop 1 floor!
    60 | D:2      | Found a runed translucent door.
    61 | D:2      | Noticed Crazy Yiuf
   433 | D:2      | Reached XP level 2. HP: 13/13 MP: 6/6
   452 | D:2      | Learned a level 2 spell: Ensorcelled Hibernation
   566 | D:2      | Reached skill level 5 in Stealth
   900 | D:2      | Reached XP level 3. HP: 16/16 MP: 4/8
  1255 | D:2      | Noticed Sigmund
  1287 | D:2      | Learned a level 3 spell: Confusing Touch
  1291 | D:2      | Learned a level 3 spell: Tukima's Dance
  1409 | D:2      | Killed Sigmund
  1410 | D:2      | Reached skill level 7 in Stealth
  1410 | D:2      | Reached skill level 5 in Hexes
  1410 | D:2      | Reached XP level 4. HP: 12/21 MP: 6/10
  1410 | D:2      | Reached XP level 5. HP: 14/24 MP: 6/11
  1508 | D:2      | Noticed Jessica
  1517 | D:2      | Killed Jessica
  1603 | D:2      | Noticed Terence
  1622 | D:2      | Killed Terence
  1864 | D:2      | Killed Crazy Yiuf
  1865 | D:2      | Reached XP level 6. HP: 23/28 MP: 2/13
  2377 | D:1      | Reached skill level 8 in Stealth
  2804 | D:3      | Found a radiant altar of Vehumet.
  2977 | D:3      | Noticed Grinder
  3015 | D:3      | Paralysed by Grinder for 5 turns
  3020 | D:3      | Slain by Grinder

Illustrated notes

Levels and vault maps discovered:
D:1:      lemuel_arrival_rhombus, layout_rooms, minmay_tromino_i4
D:2:      layout_basic, kennysheep_cross_room, uniq_crazy_yiuf_cottage,
          uniq_jessica, uniq_terence, uniq_sigmund
D:3:      layout_loops_ring, mainiacjoe_overflow_cross_hatched,
          gammafunk_ghost_nasty_kobolds, uniq_grinder

Skill      XL: |  1  2  3  4  5  6 |
---------------+-------------------+-----
Hexes          | 4 5 6 |  6.1
Stealth        | 5 7 8 |  8.6
Spellcasting   | 3 4 |  4.3
Short Blades   | |  1.1
Dodging        | |  2.6

Action                     |  1- 3 |  4- 6 || total
---------------------------+-------+-------++-------
  Melee: Dagger            |    84 |   171 ||   255
         Punch             |     1 |     1 ||     2
   Cast: Ensorcelled Hiber |     3 |     4 ||     7
         Tukima's Dance    |     1 |     3 ||     4
         Confusing Touch   |     1 |     4 ||     5
    Use: Scroll            |       |     2 ||     2
   Stab: Sleeping          |     7 |    20 ||    27
         Confused          |     1 |     1 ||     2
         Distracted        |       |     1 ||     1
 Armour: Robe              |     7 |    20 ||    27
  Dodge: Dodged            |    67 |   114 ||   181
